 Dungeon Crawl Stone Soup version 0.28-b1-25-g9875b3fc8c (webtiles) character file.

Game seed: 17307416574492843190

10415 vvl the Tainter (level 11, 0/136 HPs)
             Began as a Purple Draconian Venom Mage on Feb 1, 2022.
             Was a Believer of Kikubaaqudgha.
             Slain by a troll (13 damage)
             ... on level 9 of the Dungeon.
             The game lasted 00:38:14 (13249 turns).

vvl the Tainter (Purple Draconian Venom Mage)      Turns: 13249, Time: 00:38:17

Health: 0/136      AC: 29    Str: 19    XL:     11   Next: 35%
Magic:  15/22      EV:  2    Int: 23    God:    Kikubaaqudgha [**....]
Gold:   304        SH:  5    Dex: 12    Spells: 14/24 levels left

rFire   . . .      SeeInvis .   I - +9 dagger of the Kidney {flame, +Blink Str+6}
rCold   . . .      Faith    .   (no shield)
rNeg    . . .      Spirit   .   (armour unavailable)
rPois   +          Reflect  +   (helmet currently unavailable)
rElec   .          Harm     .   (cloak currently unavailable)
rCorr   .          Rampage  .   (gloves currently unavailable)
Will    +....      NoTele   +   (boots currently unavailable)
Stlth   ++........              i - amulet of reflection
HPRegen 0.32/turn               e - +4 ring of protection
MPRegen 0.18/turn               l - +6 ring of intelligence

@: tree-form
A: stationary, stasis, torment immunity, boosted hp, (breathe power), AC +7,
unfitting armour, (cold-blooded)
a: Renounce Religion, Evoke Blink, Receive Corpses


You were on level 9 of the Dungeon.
You worshipped Kikubaaqudgha.
Kikubaaqudgha was pleased with you.
You were a tree.
You visited 2 branches of the dungeon, and saw 11 of its levels.
You also visited: Bailey.

You collected 546 gold pieces.
You spent 242 gold pieces at shops.

Inventory:

Hand Weapons
 m - a +0 mace of holy wrath
 o - a +3 quarterstaff of chaos
 s - a +2 whip of electrocution
 D - a +1 vampiric whip
 F - the +9 bardiche of the People {holy, rElec Will+ Str-2}
   (You found it in a bailey)

   It has been blessed by the Shining One to cause great damage to the undead
   and demons.
   Str:       It affects your strength (-2).
   rElec:     It insulates you from electricity.
   Will:      It increases your willpower.
 I - the +9 dagger of the Kidney (weapon) {flame, +Blink Str+6}
   (You found it in a bailey)

   It burns those it strikes, dealing additional fire damage.
   Str:       It affects your strength (+6).
   +Blink:    It lets you blink.
Missiles
 r - 82 bolts
Armour
 B - a +1 hat (melded)
 E - the +2 cloak of the Hippo (melded) {*Corrode rN+ Dex+7}
   (You bought it in a shop on level 8 of the Dungeon)

   Dex:       It affects your dexterity (+7).
   rN:        It protects you from negative energy.
   *Corrode:  It may corrode you when you take damage.
Jewellery
 e - a +4 ring of protection (left branch)
 i - an amulet of reflection (around neck)
 l - a +6 ring of intelligence (right branch)
Wands
 C - a wand of flame (9)
Scrolls
 b - 4 scrolls of amnesia {unknown}
 d - a scroll of torment
 g - a scroll of enchant weapon
 u - 3 scrolls of fear {unknown}
 v - 2 scrolls of immolation
 w - a scroll of magic mapping
 y - 2 scrolls of teleportation
 H - 4 scrolls of enchant armour
Potions
 n - a potion of lignification
 q - 2 potions of might
 t - 4 potions of curing
 x - a potion of berserk rage
 A - a potion of haste
 G - a potion of attraction
Miscellaneous
 p - a phantom mirror


   Skills:
 + Level 6.6 Fighting
 * Level 0.7 Short Blades
 + Level 0.3 Polearms
 + Level 5.9 Dodging
 - Level 2.0 Stealth
 - Level 4.0 Shields
 - Level 0.2 Unarmed Combat
 + Level 7.3 Spellcasting
 + Level 3.5 Necromancy
 + Level 6.2 Transmutations
 + Level 5.6 Air Magic
 + Level 4.0 Earth Magic
 + Level 8.3 Poison Magic
 + Level 5.1 Evocations


You had 14 spell levels left.
You knew the following spells:

 Your Spells              Type           Power      Damage    Failure   Level
a - Sting                 Tmut/Pois      100%       1d8       1%          1
b - Olgreb's Toxic Radia  Pois           46%        N/A       2%          4
c - Airstrike             Air            17%        N/A       7%          4
d - Animate Skeleton      Necr           48%        N/A       1%          1

Your spell library contained the following spells:

 Spells                   Type           Power      Damage    Failure   Level
 Pain                     Necr           96%        1d8       1%          1
 Corpse Rot               Necr/Air       58%        N/A       1%          2
 Poisonous Vapours        Pois/Air       80%        N/A       1%          2
 Spider Form              Tmut/Pois      41%        N/A       1%          3
 Shock                    Conj/Air       84%        1d8       2%          1
 Swiftness                Air            34%        N/A       2%          3
 Mephitic Cloud           Conj/Pois/Air  29%        N/A       3%          3
 Vampiric Draining        Necr           24%        2d7       5%          3
 Ensorcelled Hibernation  Hex/Ice        16%        N/A       11%         2
 Summon Lightning Spire   Summ/Air       21%        N/A       22%         4
 Anguish                  Hex/Necr       8%         N/A       34%         4
 Lightning Bolt           Conj/Air       10%        1d23      54%         5


Dungeon Overview and Level Annotations

Branches:
Dungeon (10/15)            Temple (1/1) D:4            Lair (0/6) D:9
 Bailey (visited)
    Orc: D:9-12

Altars:
Ashenzari
Cheibriados
Dithmenos
Elyvilon
Fedhas
Gozag
Hepliaklqana
Kikubaaqudgha
Makhleb
Nemelex Xobeh
Okawaru
Qazlal
Ru
Sif Muna
Trog
Uskayaw
Vehumet
Wu Jian
Xom
Yredelemnul
The Shining One

Shops:
D:1 !   D:7 :   D:8 *

Annotations:
D:10 Harold, Sonja


Innate Abilities, Weirdness & Mutations

You are a tree.
Your roots penetrate the ground, keeping you stationary.
You cannot be teleported.
You are immune to unholy pain and torment.
Your maximum health is greatly increased.
Your equipment is partially melded.
((You can breathe bolts of dispelling energy.))
((Your rich purple scales are hard. (AC +7)))
You cannot fit into any form of body armour.
((You are cold-blooded and may be slowed by cold attacks.))


Message History

Casting: Sting (safe; 1% risk of failure)
Confirm with . or Enter, or press ? or * to list all spells.
Aiming: Sting (safe; 1% risk of failure)
Press: ? - help, Shift-Dir - straight line, f/p - troll
Aim: a troll (lightly wounded, very poisoned, 78% to hit)
The sting hits the troll but does no damage.
The troll looks as sick as possible!
The troll is lightly wounded.
You feel yourself speed up. The troll bites you. The troll claws you!
The troll claws you. The troll bites you but does no damage.
The troll claws you!
* * * LOW HITPOINT WARNING * * *
The troll misses you.
Casting: Sting (safe; 1% risk of failure)
Confirm with . or Enter, or press ? or * to list all spells.
You don't know that spell.
You turn into a tree.
The +2 cloak of the Hippo {*Corrode rN+ Dex+7} melds into your body.
Your +1 hat melds into your body.
Your roots penetrate the ground.
The troll bites you but does no damage. The troll claws you!
* * * LOW HITPOINT WARNING * * *
You block the troll's attack.
You hit the troll. You burn the troll.
The troll is moderately wounded.
The troll bites you!
* * * LOW HITPOINT WARNING * * *
The troll claws you but does no damage. x2
You hit the troll. You burn the troll.
The troll is heavily wounded.
The troll bites you but does no damage.
The troll claws you but does no damage. x2
Casting: Sting (safe; 1% risk of failure)
Confirm with . or Enter, or press ? or * to list all spells.
Aiming: Airstrike (mildly dangerous; 7% risk of failure)
Press: ? - help, Dir - move target, f/p - troll
Aim: a troll (heavily wounded, very poisoned, empty space bonus: 1/8)
The air twists around and strikes the troll!
The troll is severely wounded.
The troll bites you!
You die...
Kikubaaqudgha rasps: "You have failed me!
Welcome... death!"

#.....# #.....†.......
######.....###..##.####...>
#..................#.......
#.####.....###.#...#.###'##
#.# #.......#...#.#.# #.#
#.# #.#####.###.#.#.# #.#
#.####.# #.......#.#.###.##
#..[...# #.##.####.......#.
######## #♣##.# ##.#.#####.
#T##.###...## #.
#?##.##.....## #.
######>##.#..P....####.
#..)...##)#.P.....#....
#.#######..........#### #.#
#.................#
#.###.........>........
#........#.........###.


You could see a troll (very poisoned).

Vanquished Creatures
  A two-headed ogre (D:9)
  Pikel (D:4)
  An elephant (D:9)
  2 trolls (D:9)
  A hornet (D:9)
  2 wyverns (D:9)
  15 yaks
  3 water moccasins
  Duvessa (D:4)
  11 orc warriors
  2 ice beasts
  4 black bears
  A necrophage (D:4)
  4 ogres
  2 phantoms
  12 centaurs
  3 bullfrogs
  3 gnoll sergeants
  2 scorpions
  A wyvern zombie (D:6)
  Dowan (D:4)
  A water moccasin skeleton (D:4)
  6 killer bees
  11 wights
  2 jellies
  Crazy Yiuf (D:3)
  2 centaur zombies
  A bullfrog zombie (D:3)
  3 hounds
  5 orc priests
  A gnoll shaman (D:9)
  A bullfrog skeleton (D:6)
  2 iguanas
  4 orc wizards
  A howler monkey zombie (D:9)
  12 adders
  22 gnolls
  A shadow imp (D:7)
  2 white imps
  An ufetubus (D:6)
  A worm (D:2)
  4 dart slugs
  52 orcs
  5 ball pythons
  6 bats
  7 endoplasms
  3 giant cockroaches
  9 goblins
  7 hobgoblins
  2 jackals (D:3)
  4 quokkas
  5 frilled lizards
  5 kobolds
  9 rats
271 creatures vanquished.

Vanquished Creatures (others)
  A fungus (D:9)
  6 plants
7 creatures vanquished.

Grand Total: 278 creatures vanquished

Notes
Turn   | Place    | Note
-------+----------+-------------------------------------------
     0 | D:1      | vvl the Draconian Venom Mage began the quest for the Orb.
     0 | D:1      | Reached XP level 1. HP: 14/14 MP: 3/3
   180 | D:1      | Reached XP level 2. HP: 3/20 MP: 3/5
   917 | D:1      | Found Hilyocad's Distillery.
   925 | D:1      | Reached skill level 1 in Fighting
  1036 | D:1      | Found a faded altar of an unknown god.
  1272 | D:1      | Reached XP level 3. HP: 26/28 MP: 2/6
  1672 | D:2      | Identified the +3 leather armour of Dogmatism {+Blink rPois
                  | rF- rC-}
  2001 | D:2      | Reached XP level 4. HP: 35/35 MP: 5/7
  2473 | D:3      | Reached skill level 4 in Poison Magic
  2579 | D:3      | Reached XP level 5. HP: 36/41 MP: 9/9
  2793 | D:3      | Found a runed translucent door.
  2794 | D:3      | Noticed Crazy Yiuf
  2801 | D:3      | Killed Crazy Yiuf
  3088 | D:3      | Found a basalt altar of Yredelemnul.
  3462 | D:4      | Noticed a phantom
  3472 | D:4      | Killed a phantom
  3473 | D:4      | Reached XP level 6. HP: 48/48 MP: 10/10
  3577 | D:4      | Found a staircase to the Ecumenical Temple.
  3578 | D:4      | Noticed an ice beast
  3593 | D:4      | Killed an ice beast
  3594 | D:4      | Reached skill level 1 in Air Magic
  3594 | D:4      | Reached skill level 5 in Poison Magic
  3722 | Temple   | Entered the Ecumenical Temple
  3739 | D:4      | Your scales start taking on a rich purple colour.
  3739 | D:4      | Reached XP level 7. HP: 53/56 MP: 11/13
  3759 | D:4      | Noticed Duvessa
  3762 | D:4      | Noticed Dowan
  3782 | D:4      | Killed Duvessa
  3793 | D:4      | Killed Dowan
  4404 | D:4      | Reached XP level 8. HP: 55/63 MP: 4/15
  4472 | D:4      | Reached skill level 6 in Poison Magic
  4660 | D:4      | Noticed Pikel
  4693 | D:4      | Killed Pikel
  4694 | D:4      | Reached skill level 5 in Spellcasting
  4993 | D:5      | Entered Level 5 of the Dungeon
  5371 | D:5      | Reached skill level 7 in Poison Magic
  5637 | D:5      | Found a radiant altar of Vehumet.
  5779 | D:6      | Found a stormy altar of Qazlal.
  5837 | D:6      | Reached XP level 9. HP: 29/72 MP: 7/17
  6235 | D:6      | Reached skill level 1 in Shields
  6243 | D:6      | Reached skill level 1 in Earth Magic
  6376 | D:6      | Reached skill level 5 in Fighting
  7339 | D:7      | Found a large runed translucent door.
  7340 | D:7      | Found a large runed translucent door.
  7388 | D:7      | Learned a level 4 spell: Olgreb's Toxic Radiance
  7393 | D:7      | Learned a level 4 spell: Airstrike
  7537 | D:7      | Found Furyf's Book Boutique.
  7747 | D:7      | Reached skill level 5 in Transmutations
  8134 | D:7      | Reached skill level 1 in Necromancy
  8340 | D:7      | Reached skill level 5 in Dodging
  8434 | D:7      | Found an ancient bone altar of Kikubaaqudgha.
  8437 | D:7      | Found a white marble altar of Elyvilon.
  8448 | D:7      | Became a worshipper of Kikubaaqudgha
  8581 | D:8      | Reached skill level 1 in Evocations
  8720 | D:8      | Reached XP level 10. HP: 81/81 MP: 11/19
  8841 | D:8      | Reached * piety under Kikubaaqudgha
  8841 | D:8      | Received a gift from Kikubaaqudgha
  8927 | D:8      | Learned a level 1 spell: Animate Skeleton
  9318 | D:8      | Found Nuddemimn's Assorted Antiques.
  9341 | D:8      | Bought a potion of curing for 51 gold pieces
  9341 | D:8      | Bought a dazzling cloak for 161 gold pieces
  9341 | D:8      | Identified the +2 cloak of the Hippo {*Corrode rN+ Dex+7}
                  | (You bought it in a shop on level 8 of the Dungeon)
  9341 | D:8      | Bought a murky yellow potion for 15 gold pieces
  9341 | D:8      | Bought a white potion for 15 gold pieces
  9522 | D:8      | Identified the +1 robe "Fulucaze" {rElec Regen+ rCorr
                  | Stlth-}
  9616 | D:9      | Reached skill level 5 in Air Magic
  9739 | D:9      | Reached skill level 8 in Poison Magic
 10056 | D:9      | Found a flagged portal.
 10071 | Bailey   | Entered a bailey
 10415 | Bailey   | Reached ** piety under Kikubaaqudgha
 10734 | Bailey   | Reached XP level 11. HP: 58/90 MP: 17/21
 11476 | Bailey   | Identified the +9 bardiche of the People {holy, rElec Will+
                  | Str-2}
 11478 | Bailey   | Identified the +9 dagger of the Kidney {flame, +Blink
                  | Str+6}
 12084 | D:9      | Found a staircase to the Lair.
 12125 | D:9      | Found an ornate altar of the Wu Jian Council.
 12520 | D:9      | Reached skill level 5 in Evocations
 12839 | D:10     | Entered Level 10 of the Dungeon
 12839 | D:10     | Noticed Harold
 12839 | D:10     | Noticed a two-headed ogre
 12846 | D:10     | Noticed Sonja
 12857 | D:9      | Killed a two-headed ogre
 13249 | D:9      | Slain by a troll

Illustrated notes

Levels and vault maps discovered:
D:1:      psy_arrival_whirlpool, layout_loops_ring,
          chequers_ecumenical_altar_twisty, serial_shops, shop_fountains
D:2:      layout_basic
D:3:      layout_basic, lemuel_doored_altar, chequers_jeans,
          uniq_crazy_yiuf_cottage
D:4:      layout_rooms, minmay_temple_entry_water_ring, grunt_ministairs_10,
          st_stairs_6, minmay_surrounded, uniq_duvessa, uniq_pikel
D:5:      layout_cave_pools, mainiacjoe_overflow_surrounded_room,
          corexii_item_surrounded_by_moat
D:6:      layout_cave_pools, grunt_qazlal_sundering, minmay_misc_feat_tower
D:7:      layout_loops_ring, jmf_multi_god_temple2, serial_shops,
          nicolae_square_shop, nicolae_grassy_gnolls
D:8:      layout_basic, serial_shops, nicolae_shop_competitors_out_of_business
D:9:      layout_basic, general_overflow_altar, david_lair_generic,
          enter_bailey_3, grunt_ogre_cave
D:10:     hangedman_screamer, layout_irregular_city, old_standard_altar,
          nicolae_blasting_shop, minivault_28, uniq_sonja, uniq_harold
Temple:   minmay_freezing_vapour_temple

Skill      XL: |  1  2  3  4  5  6  7  8  9 10 11 |
---------------+----------------------------------+-----
Dodging        | 2 3 4 5 |  5.9
Fighting       | 1 2 3 4 5 6 |  6.6
Stealth        | 2 |  2.0
Poison Magic   | 4 5 7 8 |  8.3
Transmutations | 2 3 4 5 6 |  6.2
Spellcasting   | 3 4 5 6 7 |  7.3
Air Magic      | 1 2 3 4 5 |  5.6
Shields        | 2 3 4 |  4.0
Earth Magic    | 2 3 4 |  4.0
Necromancy     | 1 3 |  3.5
Evocations     | 1 4 5 |  5.1
Short Blades   | |  0.7
Polearms       | |  0.3
Unarmed Combat | |  0.2

Action                   |  1- 3 |  4- 6 |  7- 9 | 10-12 || total
-------------------------+-------+-------+-------+-------++-------
Melee: Unarmed           |    47 |       |       |       ||    47
       Tailslap          |     7 |     9 |    25 |    26 ||    67
       Mace              |    21 |    11 |       |       ||    32
       Dagger            |       |    32 |       |     6 ||    38
       Punch             |       |     2 |       |       ||     2
       Quarterstaff      |       |    40 |   181 |   103 ||   324
 Cast: Sting             |    52 |    43 |   202 |    89 ||   386
       Olgreb's Toxic Ra |       |       |     8 |    37 ||    45
       Airstrike         |       |       |       |     2 ||     2
 Abil: Breathe Dispellin |       |       |     5 |     4 ||     9
  Use: Potion            |       |       |     2 |     3 ||     5
       Scroll            |       |       |       |    10 ||    10
 Stab: Sleeping          |       |     1 |       |       ||     1
       Paralysed         |       |       |     5 |       ||     5
       Distracted        |       |       |     1 |     1 ||     2
Armor: Skin              |    38 |    33 |   140 |   104 ||   315
Dodge: Dodged            |    75 |    55 |   181 |   186 ||   497
Block: Other             |       |    22 |    84 |    53 ||   159
       Reflection        |       |       |     3 |       ||     3
